AoeStats
← Mark

Black Forest

507938475Analyzed
4v4 RM · 13d ago on Sep 20, 2026· 10m 9s· 8 players
Game mode
Random Map
Map size
Large (8 player)
Population
200
Speed
Normal
Resources
Standard
Victory
Conquest
Starting age
Dark Age
Ending age
Imperial Age
RankedLock teamsTeams togetherTeam positionsShared explorationLock speedFull tech treeHidden civsTurbo modeCheats
Victory
Defeat
🇫🇮 Lithuanians · Finland
1168
+15
🇮🇳 Britons · India
1145
+16
🇦🇺 Burgundians · Australia
1134
+16
🇦🇺 Khmer · Australia
1120
+16
🇫🇷 Burmese · France
1164
-17
🇳🇱 Bengalis · Netherlands
1140
-16
🇸🇪 Mongols · Sweden
1133
-16
🇦🇹 Spanish · Austria
1103
-14
[RbF] Stickly
0:53 Loom
Bantum
0:57 Loom
Mark
3:16 Loom
PILOT
0:35 Loom
9:45 Feudal Age
Titan Uranus
0:39 Loom
Butcher
10:42 Feudal Age
X Snowy
2:42 Loom
3:03 Loom
3:35 Loom
4:43 Double-Bit Axe
buua
1:54 Loom
Connection lost

Rejoining the realm…

Still unreachable

The connection could not be restored.

Session expired

The server has moved on; the page needs a fresh start.